 Dungeon Crawl Stone Soup version 0.26-a0-84-g8c18429211 (webtiles) character file.

Game seed: 15468356497301263256

237718 Error4North the Warrior (level 18, -20/170 HPs)
             Began as a Minotaur Fighter on June 17, 2020.
             Was the Champion of Okawaru.
             Demolished by an Executioner (25 damage)
             ... summoned by a deep elf demonologist
             ... on level 3 of the Elven Halls on June 20, 2020.
             The game lasted 03:35:35 (34467 turns).

Error4North the Warrior (Minotaur Fighter)         Turns: 34467, Time: 03:35:36

Health: -20/170    AC: 11    Str: 29    XL:     18   Next: 97%
Magic:  23/24      EV: 23    Int:  5    God:    Okawaru [******]
Gold:   2531       SH: 18    Dex: 17    Spells: 17/17 levels left

rFire    + + +     SeeInvis +   O - +11 broad axe of Okawaru's Hatred {vorpal, *Corrode Dex+5}
rCold    + . .     Gourm    .   M - +2 kite shield {rC+}
rNeg     . . .     Faith    .   R - +0 fire dragon scales "Jypsoh" {rPois rF++ rC- Str+4 Int-4 SInv}
rPois    +         Spirit   .   (helmet unavailable)
rElec    +         Reflect  .   q - +2 cloak
rCorr    +         Harm     .   (no gloves)
MR       ++...                  D - +2 pair of boots {Stlth+}
Stlth    ++........             L - amulet of regeneration
HPRegen  0.78/turn              Y - ring of protection from magic
MPRegen  0.19/turn              c - ring "Lethreaf" {Wiz rElec rPois}

@: silence, resistant, heroism, finesse, corroded
A: retaliatory headbutt, horns 3, poison resistance, strong 1
}: 1/15 runes: serpentine
a: Renounce Religion


You were on level 3 of the Elven Halls.
You worshipped Okawaru.
Okawaru was exalted by your worship.
You were not hungry.

You visited 7 branches of the dungeon, and saw 33 of its levels.

You collected 3098 gold pieces.
You spent 567 gold pieces at shops.

Inventory:

Hand Weapons
 g - a +5 vorpal hunting sling
 O - the +11 broad axe of Okawaru's Hatred (weapon) {vorpal, *Corrode Dex+5}
   (Okawaru gifted it to you on level 5 of the Lair of Beasts)

   It inflicts extra damage upon your enemies.
   It affects your dexterity (+5).
   It may corrode you when you take damage.
 Z - the +7 war axe of Volask {flame, rC+ MR+}
   (Okawaru gifted it to you on level 1 of the Elven Halls)

   It has been specially enchanted to burn those struck by it, causing extra
   injury to most foes and up to half again as much damage against particularly
   susceptible opponents.
   Big, fiery blades are also staple armaments of hydra-hunters.
   It protects you from cold.
   It affects your resistance to hostile enchantments.
Missiles
 t - 3 silver boomerangs (quivered)
 x - 533 sling bullets
Armour
 q - a +2 cloak (worn)
 D - a +2 pair of boots of stealth (worn)
 M - a +2 kite shield of cold resistance (worn)
 P - the +2 hat "Keuckeax" {rPois rF- MR+}
   (Okawaru gifted it to you on level 3 of the Lair of Beasts)

   It makes you vulnerable to fire.
   It protects you from poison.
   It affects your resistance to hostile enchantments.
 R - the +0 fire dragon scales "Jypsoh" (worn) {rPois rF++ rC- Str+4 Int-4 SInv}
   (Okawaru gifted it to you on level 6 of the Lair of Beasts)

   It affects your strength (+4).
   It affects your intelligence (-4).
   It greatly protects you from fire.
   It makes you vulnerable to cold.
   It protects you from poison.
   It lets you see invisible.
 W - a scarf of resistance
Jewellery
 c - the ring "Lethreaf" (right hand) {Wiz rElec rPois}
   (You found it on level 8 of the Dungeon)

   [ring of wizardry]

   It improves your spell success rate.
   It insulates you from electricity.
   It protects you from poison.
 o - the amulet of the Air {Inacc +Fly rElec EV+5 RMsl}
   (You found it on level 11 of the Dungeon)

   [amulet of inaccuracy]

   It reduces the accuracy of all your attacks.
   It affects your evasion (+5).
   It insulates you from electricity.
   It lets you fly.
   It protects you from missiles.
 L - an amulet of regeneration (around neck)
 Y - a ring of protection from magic (left hand)
Wands
 j - a wand of polymorph (24)
 r - a wand of paralysis (12)
 B - a wand of digging (8)
 C - a wand of enslavement (5)
 E - a wand of flame (14)
 F - a wand of random effects (37)
 K - a wand of iceblast (7)
 N - a wand of disintegration (31)
 U - a wand of clouds (8)
Scrolls
 b - 10 scrolls of remove curse
 d - a scroll of brand weapon
 k - 2 scrolls of enchant weapon
 l - 8 scrolls of identify
 m - 3 scrolls of fog
 n - 13 scrolls of teleportation
 s - 4 scrolls of fear
 v - a scroll of enchant armour
 y - 7 scrolls of amnesia
 z - 5 scrolls of magic mapping
 S - 5 scrolls of blinking
 T - a scroll of holy word
 X - 2 scrolls of summoning
Potions
 e - a potion of lignification
 h - 11 potions of curing
 i - 4 potions of might
 p - 6 potions of flight
 u - 3 potions of ambrosia
 w - 5 potions of haste
 G - a potion of invisibility
 H - 3 potions of brilliance
 J - 3 potions of resistance
 V - 2 potions of stabbing
Miscellaneous
 Q - a phantom mirror
Comestibles
 f - 48 rations


   Skills:
 * Level 17.5(22.5) Fighting
 + Level 17.3(22.3) Axes
 * Level 14.2(19.2) Slings
 * Level 15.1(20.1) Armour
 * Level 13.3(18.3) Dodging
 + Level 1.5(6.5) Stealth
 * Level 12.3(17.3) Shields
 * Level 10.5 Invocations
 * Level 9.7 Evocations


You had 17 spell levels left.
You didn't know any spells.
Your spell library contained the following spells:

 Spells                   Type           Power        Failure   Level  Hunger
 Animate Skeleton         Necr           N/A          32%         1    ##.....
 Foxfire                  Conj/Fire      #...         32%         1    ##.....
 Magic Dart               Conj           #...         32%         1    ##.....
 Pain                     Necr           #...         32%         1    ##.....
 Blink                    Tloc           N/A          45%         2    ###....
 Call Imp                 Summ           #.......     45%         2    ###....
 Poisonous Vapours        Pois/Air       #.....       45%         2    ###....
 Slow                     Hex            #.......     45%         2    ###....
 Confusing Touch          Hex            #.......     69%         3    ####...
 Conjure Flame            Conj/Fire      #.......     69%         3    ####...
 Gell's Gravitas          Tloc           #.........   69%         3    ####...
 Ignite Poison            Fire/Tmut/Pois #.......     69%         3    ####...
 Inner Flame              Hex/Fire       #.......     69%         3    ####...
 Mephitic Cloud           Conj/Pois/Air  #.......     69%         3    ####...
 Vampiric Draining        Necr           #.........   69%         3    ####...
 Animate Dead             Necr           N/A          96%         4    #####..
 Cause Fear               Hex            #.........   96%         4    #####..
 Ice Form                 Ice/Tmut       #.......     96%         4    #####..
 Petrify                  Tmut/Erth      #.......     96%         4    #####..
 Sticky Flame             Conj/Fire      #.......     96%         4    #####..
 Agony                    Necr           #.......     100%        5    ######.
 Fireball                 Conj/Fire      #.........   100%        5    ######.
 Metabolic Englaciation   Hex/Ice        #.........   100%        5    ######.
 Silence                  Hex/Air        #.........   100%        5    ######.
 Yara's Violent Unravell  Hex/Tmut       #.........   100%        5    ######.
 Freezing Cloud           Conj/Ice/Air   #.........   100%        6    #######
 Ozocubu's Refrigeration  Ice            #.........   100%        6    #######
 Simulacrum               Ice/Necr       #.........   100%        6    #######
 Starburst                Conj/Fire      #.........   100%        6    #######
 Ring of Flames           Chrm/Fire      #.........   100%        7    #######
 Discord                  Hex            #.........   100%        8    #######
 Ignition                 Fire           #.........   100%        8    #######


Dungeon Overview and Level Annotations

Branches:
Dungeon (15/15)            Temple (1/1) D:5            Lair (6/6) D:8
  Swamp (0/4) Lair:4        Snake (4/4) Lair:3        Slime (2/5) Lair:5
    Orc (2/2) D:10            Elf (3/3) Orc:2        Vaults (0/5) D:13
 Depths (0/5) D:15

Altars:
Ashenzari
Cheibriados
Dithmenos
Elyvilon
Fedhas
Gozag
Hepliaklqana
Kikubaaqudgha
Makhleb
Nemelex Xobeh
Okawaru
Qazlal
Ru
Sif Muna
Trog
Uskayaw
Vehumet
Wu Jian
Xom
Yredelemnul
Zin
The Shining One
Beogh

Shops:
D:13 %?([(   Orc:2 [?}?   Elf:1 =   Elf:2 ?

Portals:
Trove: D:12 (give 2 scrolls of acquirement)

Annotations:
Lair:1 exclusion: oklob plant


Innate Abilities, Weirdness & Mutations

You reflexively headbutt those who attack you in melee.
You have a pair of large horns on your head.
Your system is resistant to poisons. (rPois)
Your muscles are strong. (Str +2)


Message History

The deep elf sorcerer looks as sick as possible!
The deep elf demonologist looks even sicker.
The deep elf annihilator moves out of view.
The Executioner hits you!
* * * LOW HITPOINT WARNING * * *
You block the Executioner's attack. x2
The deep elf sorcerer is engulfed in poison gas.
The deep elf sorcerer looks as sick as possible!
The Executioner completely misses you.
The Executioner hits you but does no damage.
The Executioner closely misses you.
You feel better. You block the Executioner's attack. The Executioner hits you.
* * * LOW HITPOINT WARNING * * *
The Executioner closely misses you. x2; The Executioner hits you.
* * * LOW HITPOINT WARNING * * *
You block the Executioner's attack.
The deep elf sorcerer is engulfed in poison gas.
The deep elf sorcerer looks even sicker.
The Executioner hits you!!
You die...

......#.#.##########
..### #.#.###......#
.# #.#.#...<..#.#
..# #............#
...####.##.......#
.........(.......#
.................#
.......).)#......#
#......@....###.##
.......1.......<..
#####..e...#######
#.#[#..# #..#3#..#
#.##ยง##.# ## *e4 ##


eee Eee.. You could see a deep elf death mage, an Executioner (summoned, fast),
2 deep elf sorcerers, 2 deep elf elementalists, a soul eater (summoned), an
orange demon (summoned, extremely poisoned) and a lost soul (summoned).

Vanquished Creatures
  Rupert (Orc:2)
  2 deep elf blademasters
  An acid blob (Slime:2)
  Roxanne (D:15)
  7 nagarajas
  Aizul (Elf:1)
  3 deep elf sorcerers
  3 deep elf elementalists (Elf:3)
  A deep elf demonologist (Elf:3)
  A stone giant (Orc:2)
  2 deep elf annihilators
  Josephine (D:12)
  2 deep elf death magi (Elf:3)
  The ghost of Argons the Grappler, a journeyman TrTm of Wu Jian (D:11)
  4 ogre magi (Orc:2)
  Fannar (D:12)
  A deep elf high priest (Elf:1)
  2 fire dragons (D:15)
  4 vault guards (D:13)
  7 hydras
  16 naga warriors
  A death knight (D:12)
  2 centaur warriors
  8 anacondas
  21 dancing weapons
  An alligator (Lair:6)
  4 death yaks
  19 two-headed ogres
  15 naga sharpshooters
  A shock serpent (shapeshifter) (Elf:1)
  13 deep elf knights
  15 shock serpents
  Urug (Orc:1)
  2 salamander mystics
  4 unseen horrors
  4 sea snakes (Snake:3)
  7 deep elf archers
  9 naga ritualists
  A phantasmal warrior (D:12)
  An orange crystal statue (Snake:1)
  41 deep elf magi
  2 wolf spiders
  17 ugly things
  A wolf spider zombie (D:9)
  16 mana vipers
  7 oklob plants
  An orc knight (D:15)
  4 cyclopes
  8 salamanders
  2 shining eyes
  12 elephants
  A moth of wrath (D:11)
  5 manticores
  42 black mambas
  18 naga magi
  Maurice (Orc:2)
  2 torpor snails (Lair:4)
  7 guardian serpents
  13 spiny frogs
  2 gargoyles
  Psyche (D:9)
  2 kobold demonologists
  8 komodo dragons
  3 rime drakes
  2 freezing wraiths
  4 hornets
  3 trolls
  12 polar bears (Lair:6)
  5 raiju (Lair:6)
  17 blink frogs
  19 slime creatures
  4 dream sheep (Lair:4)
  7 hippogriffs
  5 air elementals
  A spriggan (D:11)
  4 water elementals
  3 shadows
  2 vampires
  50 yaks
  4 redbacks (Lair:6)
  7 wraiths
  13 wyverns
  5 golden eyes (Slime:2)
  3 fire elementals
  2 hungry ghosts
  5 basilisks
  3 vampire mosquitoes (D:13)
  9 wargs
  A swamp worm (Lair:4)
  53 nagas
  A soldier ant (shapeshifter) (D:12)
  27 water moccasins
  12 hell hounds (Lair:6)
  An acid dragon (D:12)
  10 porcupines
  2 sky beasts (D:14)
  5 ice beasts
  13 black bears
  Duvessa (D:5)
  An eye of draining (D:13)
  A phantom (D:8)
  An ice beast (shapeshifter) (D:15)
  A necrophage (D:14)
  A hornet zombie (D:13)
  15 orc warriors
  13 wolves (Lair:6)
  6 centaurs
  15 crocodiles
  30 ogres
  6 big kobolds
  Blork the orc (D:6)
  24 bullfrogs
  3 earth elementals
  Dowan (D:5)
  5 scorpions
  6 killer bees
  10 wights
  4 electric eels
  2 centaur zombies
  9 crimson imps
  A quasit (D:14)
  A bullfrog zombie (D:12)
  5 jellies
  12 orc priests
  18 orc wizards
  4 centaur skeletons
  A gnoll shaman (D:9)
  7 hounds
  7 iguanas
  13 worker ants
  4 hound skeletons
  7 gnolls
  A howler monkey skeleton (D:4)
  15 adders
  4 shadow imps
  An adder skeleton (D:10)
  An adder zombie (D:6)
  4 worms
  4 dart slugs
  4 leopard geckos
  65 orcs
  9 bats
  8 giant cockroaches
  12 goblins
  6 hobgoblins
  7 jackals
  19 kobolds
  5 quokkas
  9 frilled lizards
  2 quokka skeletons
  A quokka zombie (D:7)
  8 rats
  2 fungi
  11 plants
1155 creatures vanquished.

Vanquished Creatures (others)
  A deep elf mage (Elf:1)
  8 fungi
  29 plants
38 creatures vanquished.

Grand Total: 1193 creatures vanquished

Notes
Turn   | Place    | Note
-------+----------+-------------------------------------------
     0 | D:1      | Error4North the Minotaur Fighter began the quest for the
                  | Orb.
     0 | D:1      | Reached XP level 1. HP: 19/19 MP: 0/0
   152 | D:1      | Reached XP level 2. HP: 19/27 MP: 1/1
   298 | D:1      | You fall into a shaft and drop 1 floor!
   302 | D:2      | Reached skill level 1 in Dodging
   337 | D:1      | Reached XP level 3. HP: 22/33 MP: 2/2
  1075 | D:2      | You fall into a shaft and drop 2 floors!
  1083 | D:4      | Reached XP level 4. HP: 23/40 MP: 3/3
  1109 | D:3      | Reached XP level 5. HP: 25/46 MP: 4/4
  1612 | D:3      | Reached skill level 5 in Armour
  1997 | D:2      | Reached XP level 6. HP: 42/53 MP: 5/5
  2835 | D:3      | Found an ornate altar of the Wu Jian Council.
  3184 | D:4      | Reached skill level 5 in Axes
  3265 | D:4      | Found a sparkling altar of Nemelex Xobeh.
  3538 | D:5      | Entered Level 5 of the Dungeon
  3601 | D:5      | Reached skill level 1 in Slings
  3601 | D:5      | Reached XP level 7. HP: 47/60 MP: 6/6
  3612 | D:5      | Noticed Dowan
  3614 | D:5      | Noticed Duvessa
  3868 | D:5      | Noticed a troll
  3880 | D:5      | Killed a troll
  3880 | D:5      | Reached skill level 5 in Fighting
  4233 | D:5      | Found a staircase to the Ecumenical Temple.
  4254 | Temple   | Entered the Ecumenical Temple
  4345 | Temple   | Became a worshipper of Warmaster Okawaru
  4577 | D:5      | Killed Duvessa
  4577 | D:5      | Reached XP level 8. HP: 64/69 MP: 7/7
  4591 | D:5      | Killed Dowan
  5055 | D:6      | Reached * piety under Okawaru
  5143 | D:6      | Noticed Blork the orc
  5153 | D:6      | Killed Blork the orc
  5518 | D:6      | Found a glowing golden altar of the Shining One.
  5518 | D:6      | Found a glowing silver altar of Zin.
  5523 | D:6      | Found a snail-covered altar of Cheibriados.
  5624 | D:7      | Found an opulent altar of Gozag.
  5782 | D:7      | Reached skill level 5 in Slings
  5843 | D:7      | Reached skill level 5 in Shields
  5896 | D:7      | Reached XP level 9. HP: 75/78 MP: 8/8
  6050 | D:7      | Reached ** piety under Okawaru
  6397 | D:7      | Found a burning altar of Makhleb.
  6872 | D:8      | Reached skill level 5 in Dodging
  6922 | D:8      | Found a staircase to the Lair.
  7548 | D:8      | Reached *** piety under Okawaru
  7615 | D:8      | Got a fine lead ring
  7745 | D:8      | Identified the ring "Lethreaf" {Wiz rElec rPois} (You found
                  | it on level 8 of the Dungeon)
  7961 | D:9      | Reached XP level 10. HP: 77/88 MP: 9/9
  8117 | D:9      | Noticed Psyche
  8125 | D:9      | Killed Psyche
  8128 | D:9      | Reached **** piety under Okawaru
  8553 | D:9      | Found a shadowy altar of Dithmenos.
  8704 | D:10     | Entered Level 10 of the Dungeon
  8804 | D:10     | Noticed a brown ugly thing
  8826 | D:10     | Killed a brown ugly thing
  8826 | D:10     | Received a gift from Okawaru
  9191 | D:10     | Found a staircase to the Orcish Mines.
  9205 | D:10     | Reached XP level 11. HP: 79/95 MP: 10/10
  9209 | D:10     | Reached skill level 10 in Axes
  9243 | D:10     | Reached ***** piety under Okawaru
  9587 | D:11     | Found a transporter.
  9593 | D:11     | Noticed Argons's ghost (journeyman TrTm)
  9609 | D:11     | Found a transporter.
  9611 | D:11     | Found the amulet of the Air {Inacc +Fly rElec EV+5 RMsl}
  9670 | D:11     | Noticed a wolf spider
  9797 | D:11     | Noticed a deep elf mage
  9805 | D:11     | Killed a deep elf mage
  9805 | D:11     | Received a gift from Okawaru
  9991 | D:11     | Received a gift from Okawaru
 10084 | D:11     | Killed an unseen horror
 10084 | D:11     | Reached skill level 10 in Armour
 10084 | D:11     | Reached skill level 1 in Invocations
 10473 | Lair:1   | Entered Level 1 of the Lair of Beasts
 10523 | Lair:1   | Received a gift from Okawaru
 10548 | Lair:1   | Reached skill level 1 in Evocations
 10806 | Lair:1   | Noticed a four-headed hydra
 10819 | Lair:1   | Killed a one-headed hydra
 10819 | Lair:1   | Received a gift from Okawaru
 10967 | Lair:1   | Noticed an oklob plant
 11112 | Lair:1   | Received a gift from Okawaru
 11605 | Lair:2   | Reached skill level 10 in Fighting
 11798 | Lair:2   | Reached XP level 12. HP: 87/106 MP: 13/13
 12253 | Lair:3   | Noticed an eight-headed hydra
 12262 | Lair:3   | Killed a five-headed hydra
 12352 | Lair:3   | Received a gift from Okawaru
 12375 | Lair:3   | Got a fine hat {god gift}
 12390 | Lair:3   | Identified the +2 hat "Keuckeax" {rPois rF- MR+} (Okawaru
                  | gifted it to you on level 3 of the Lair of Beasts)
 12483 | Lair:3   | Found a staircase to the Snake Pit.
 12642 | Lair:3   | Found a white marble altar of Elyvilon.
 13294 | Lair:4   | Noticed a death yak
 13311 | Lair:4   | Killed a death yak
 13323 | Lair:4   | Noticed an eight-headed hydra
 13335 | Lair:4   | Killed a five-headed hydra
 13335 | Lair:4   | Reached skill level 10 in Slings
 13534 | Lair:4   | Found a staircase to the Swamp.
 13565 | Lair:4   | Noticed a seven-headed hydra
 13582 | Lair:4   | Killed a one-headed hydra
 13582 | Lair:4   | Reached XP level 13. HP: 56/116 MP: 13/15
 13774 | Lair:4   | Found the +8 whip "Snakebite" {curare, rPois}
 14504 | Lair:5   | Received a gift from Okawaru
 14626 | Lair:5   | Received a gift from Okawaru
 14710 | Lair:5   | Received a gift from Okawaru
 14719 | Lair:5   | Got a scorched broad axe {god gift}
 14738 | Lair:5   | Identified the +11 broad axe of Okawaru's Hatred {vorpal,
                  | *Corrode Dex+5} (Okawaru gifted it to you on level 5 of the
                  | Lair of Beasts)
 15040 | Lair:5   | Found a staircase to the Slime Pits.
 15358 | Lair:5   | Reached skill level 5 in Invocations
 15558 | Lair:6   | Entered Level 6 of the Lair of Beasts
 15669 | Lair:6   | Received a gift from Okawaru
 15697 | Lair:6   | Got faintly glowing fire dragon scales {god gift}
 15741 | Lair:6   | Reached skill level 5 in Evocations
 15792 | Lair:6   | Identified the +0 fire dragon scales "Jypsoh" {rPois rF++
                  | rC- Str+4 Int-4 SInv} (Okawaru gifted it to you on level 6
                  | of the Lair of Beasts)
 16225 | Lair:6   | Reached XP level 14. HP: 120/127 MP: 17/17
 16598 | Lair:6   | Reached skill level 10 in Dodging
 16691 | Lair:6   | Reached ****** piety under Okawaru
 16713 | Lair:6   | Received a gift from Okawaru
 17205 | Lair:6   | Received a gift from Okawaru
 17722 | Lair:3   | Got a heavily runed scale mail
 17726 | Lair:3   | Identified the cursed +0 scale mail "Fenuil" {*Corrode
                  | rElec Str+5 Int+2} (You found it on level 3 of the Lair of
                  | Beasts)
 17986 | Orc:1    | Entered Level 1 of the Orcish Mines
 18215 | Orc:2    | Entered Level 2 of the Orcish Mines
 18222 | Orc:2    | Noticed Rupert
 18235 | Orc:2    | Killed Rupert
 18398 | Orc:2    | Noticed Maurice
 18401 | Orc:2    | Found a staircase to the Elven Halls.
 18405 | Orc:2    | Noticed a stone giant
 18415 | Orc:2    | Killed Maurice
 18419 | Orc:2    | Killed a stone giant
 18773 | Orc:2    | Received a gift from Okawaru
 18871 | Orc:2    | Reached XP level 15. HP: 136/136 MP: 19/19
 18937 | Orc:2    | Found Jyimu Porph's Magic Scroll Emporium.
 18937 | Orc:2    | Found Depla's Magic Scroll Boutique.
 18944 | Orc:2    | Found Nysuwikh's Gadget Boutique.
 18944 | Orc:2    | Found Diekh's Armour Shoppe.
 18982 | Orc:2    | Bought a wand of digging (4) for 256 gold pieces
 19547 | Orc:1    | Found a roughly hewn altar of Beogh.
 19661 | Orc:1    | Noticed Urug
 19669 | Orc:1    | Killed Urug
 19875 | Elf:1    | Entered Level 1 of the Elven Halls
 19949 | Elf:1    | Received a gift from Okawaru
 19974 | Elf:1    | Noticed Aizul
 19984 | Elf:1    | Killed Aizul
 20102 | Elf:1    | Found Ifohoykid's Jewellery Emporium.
 20275 | Elf:1    | Noticed a deep elf sorcerer
 20298 | Elf:1    | Killed a deep elf sorcerer
 20305 | Elf:1    | Received a gift from Okawaru
 20691 | D:12     | Noticed Josephine
 20696 | D:12     | Killed Josephine
 20696 | D:12     | Received a gift from Okawaru
 20887 | Snake:1  | Entered Level 1 of the Snake Pit
 22155 | Snake:2  | Noticed a nagaraja
 22165 | Snake:2  | Killed a nagaraja
 22165 | Snake:2  | Received a gift from Okawaru
 22423 | Snake:2  | Received a gift from Okawaru
 22434 | Snake:2  | Reached skill level 10 in Shields
 22697 | Snake:2  | Noticed a nagaraja
 22737 | Snake:2  | Killed a nagaraja
 22737 | Snake:2  | Received a gift from Okawaru
 22982 | Snake:3  | Reached XP level 16. HP: 137/147 MP: 17/20
 23005 | Snake:3  | Found a sparkling altar of Nemelex Xobeh.
 23072 | Snake:3  | Reached skill level 1 in Stealth
 23255 | Snake:3  | Received a gift from Okawaru
 23255 | Snake:3  | Reached skill level 15 in Axes
 23298 | Snake:3  | Received a gift from Okawaru
 23513 | Snake:3  | Received a gift from Okawaru
 23513 | Snake:3  | Reached skill level 15 in Fighting
 23982 | Snake:4  | Entered Level 4 of the Snake Pit
 24026 | Snake:4  | Received a gift from Okawaru
 24716 | Snake:4  | Reached XP level 17. HP: 130/156 MP: 22/22
 24838 | Snake:4  | Received a gift from Okawaru
 25019 | Snake:4  | Got a serpentine rune of Zot
 25068 | Snake:4  | Received a gift from Okawaru
 25593 | Snake:4  | Received a gift from Okawaru
 26238 | Slime:1  | Entered Level 1 of the Pits of Slime
 26448 | Slime:1  | HP: 4/158 [slime creature (5)]
 26655 | Slime:1  | Gained mutation: Your spells are a little easier to cast,
                  | but a little less powerful. [a shining eye]
 26724 | Slime:2  | Gained mutation: You are frail. (-10% HP) [a shining eye]
 26744 | Slime:2  | Gained mutation: You do not regenerate when monsters are
                  | visible. [a shining eye]
 26754 | Slime:2  | Received a gift from Okawaru
 26802 | Slime:2  | Noticed an acid blob
 26815 | Slime:2  | Killed an acid blob
 26815 | Slime:2  | Received a gift from Okawaru
 27212 | D:12     | Noticed Fannar
 27219 | D:12     | Killed Fannar
 27361 | D:12     | Received a gift from Okawaru
 27449 | D:12     | Found a portal to a secret trove of treasure.
 27944 | D:13     | Found Yruikhla's Antique Armour Shop.
 28072 | D:13     | Found Etaw's Weapon Shoppe.
 28261 | D:13     | Found a gate to the Vaults.
 28613 | D:13     | Found Hog Xum's Antique Weapon Emporium.
 28788 | D:13     | Found Qalelups's Magic Scroll Emporium.
 28902 | D:13     | Found Piosisix's Food Emporium.
 30110 | D:15     | Entered Level 15 of the Dungeon
 30212 | D:15     | Reached XP level 18. HP: 145/151 MP: 24/24
 30235 | D:15     | Received a gift from Okawaru
 30322 | D:15     | Noticed Roxanne
 30405 | D:15     | Killed Roxanne
 30646 | D:15     | Lost mutation: Your spells are a little easier to cast, but
                  | a little less powerful. [potion of mutation]
 30646 | D:15     | Lost mutation: You are frail. (-10% HP) [potion of
                  | mutation]
 30646 | D:15     | Lost mutation: You do not regenerate when monsters are
                  | visible. [potion of mutation]
 30646 | D:15     | Gained mutation: You have a pair of large horns on your
                  | head. [potion of mutation]
 30646 | D:15     | Gained mutation: Your system is resistant to poisons.
                  | (rPois) [potion of mutation]
 30646 | D:15     | Gained mutation: Your muscles are strong. (Str +2) [potion
                  | of mutation]
 31198 | D:15     | Found a staircase to the Depths.
 31654 | D:11     | Received a gift from Okawaru
 31659 | D:11     | Killed Argons's ghost
 31664 | D:11     | Got a smoking battleaxe {god gift}
 31749 | D:10     | Identified the +3 battleaxe of Enimilaw {pain, rPois}
                  | (Okawaru gifted it to you on level 11 of the Dungeon)
 32243 | Orc:2    | Bought a scroll of enchant weapon for 75 gold pieces
 32243 | Orc:2    | Bought a scroll of identify for 20 gold pieces
 32244 | Orc:2    | Bought a scroll of identify for 26 gold pieces
 32510 | Elf:1    | You fall into a shaft and drop 1 floor!
 32528 | Elf:2    | Reached skill level 10 in Invocations
 33022 | Elf:2    | Found a runed translucent gate.
 33022 | Elf:2    | Found a runed translucent gate.
 33022 | Elf:2    | Found a runed translucent gate.
 33145 | Elf:2    | Received a gift from Okawaru
 33414 | Elf:1    | Reached skill level 15 in Armour
 33422 | Elf:1    | Received a gift from Okawaru
 33427 | Elf:1    | Got a steaming war axe {god gift}
 33442 | Elf:1    | Identified the +7 war axe of Volask {flame, rC+ MR+}
                  | (Okawaru gifted it to you on level 1 of the Elven Halls)
 33813 | Elf:2    | Found Oferheq's Magic Scroll Emporium.
 33817 | Elf:2    | Bought a scroll of identify for 38 gold pieces
 33817 | Elf:2    | Bought a scroll of identify for 38 gold pieces
 33817 | Elf:2    | Bought a scroll of identify for 38 gold pieces
 33817 | Elf:2    | Bought a scroll of identify for 38 gold pieces
 33817 | Elf:2    | Bought a scroll of identify for 38 gold pieces
 34392 | Elf:3    | Entered Level 3 of the Elven Halls
 34413 | Elf:3    | Noticed a Tzitzimitl
 34462 | Elf:3    | Received a gift from Okawaru
 34466 | Elf:3    | HP: 6/170 [Executioner[a deep elf demonologist] (7)]
 34467 | Elf:3    | Demolished by an Executioner

Illustrated notes

Levels and vault maps discovered:
D:1:      onia_arrival_mini_maze, layout_rooms, minivault_5, minmay_bisected
D:2:      layout_loops_cross, first_ration
D:3:      layout_basic, marbit_many_paths, kennysheep_generic_room_3
D:4:      layout_loops_cross, nemelex_xobeh_ov_fountains_minmay
D:5:      layout_basic, minmay_temple_entry_wispy, minmay_chambers_of_fives,
          uniq_duvessa
D:6:      layout_rooms, minitemple, grunt_decor_arrowhead, uniq_blork_the_orc
D:7:      layout_loops_corners, lemuel_coloured_pillars_altar,
          grunt_ministairs_3, grunt_gozag_statues
D:8:      layout_loops_ring, grunt_lair_entry_orc_guard_hut
D:9:      layout_long_grid, nicolae_dithmenos_through_a_glass_darkly,
          uniq_psyche
D:10:     layout_small_grid, minmay_orc_entry_guard_dogs
D:11:     layout_long_grid, gammafunk_ghost_berserking_beasts,
          hangedman_stone_soup
D:12:     layout_roguey, enter_trove_2, minivault_26, uniq_josephine,
          uniq_fannar
D:13:     layout_gridville, lightli_vaults_fourway_checkpoint,
          serial_co_window_serial, co_window_paths_b, co_window_paths_a,
          co_window_paths_a, co_window_of_opportunity_a,
          co_window_of_opportunity_a, co_window_paths_a, co_window_corner_a,
          co_window_corner_ca, co_window_of_opportunity_c,
          co_window_of_opportunity_b, co_window_paths_c,
          co_window_unsneaky_path_e, co_window_2corner, co_window_corner_b,
          glass_columns_a, glass_columns_c, glass_columns_a, serial_shops, shop,
          shop_fountains, kennysheep_little_box, nicolae_shop_crystal,
          nicolae_shop_overgrown_old_shop
D:14:     kennysheep_tiny_hell, layout_cross
D:15:     grunt_enter_depths_hoard, layout_cave_pods, serial_column_ruins,
          column_ruins_open_tiny, column_ruins_columns_corner,
          column_ruins_open_tiny, column_ruins_grid_1, column_ruins_open_small,
          column_ruins_open_small, corexii_corridor_pit, serial_bayou_ford_a,
          uniq_roxanne
Temple:   regret_index_temple_sphere_string
Lair:1:   minmay_lair_oklob_tunnel, layout_regular_city, beast_lair_carwin_10,
          grunt_megastairs_1
Lair:2:   layout_loops_ring
Lair:3:   layout_chaotic_city, minmay_snake_entry_guardpost_small, basic_altar,
          minmay_lair_oklob_chamber
Lair:4:   layout_regular_city, minmay_swamp_entry_worms
Lair:5:   layout_regular_city, minmay_slime_entry_oklob_open,
          infiniplex_staircase_pool
Lair:6:   hangedman_lair_caniforms_friends, layout_layer_cave,
          hangedman_lair_tendril_chambers
Snake:1:  layout_gridlike, dpeg_stationary_puzzle
Snake:2:  layout_cave_town
Snake:3:  cheibrodos_forgotten_conduit, layout_rooms, basic_altar,
          lemuel_fruit_tree, serial_bayou_shore_a
Snake:4:  snake_pit, layout_basic
Slime:1:  layout_caves, nicolae_slime_barrier
Slime:2:  layout_caves
Orc:1:    layout_caves, basic_altar, uniq_urug
Orc:2:    st_orc_ogre_mass, layout_diamond_mine, uniq_maurice, uniq_rupert
Elf:1:    layout_gridlike, serial_shops, shop, serial_glass, glass_columns_b,
          glass_columns_a, evilmike_minifort, grunt_ministairs_14, uniq_aizul
Elf:2:    layout_geoelf_octagon, serial_shops, shop
Elf:3:    minmay_elf_hall_four_x, layout_loops_cross, serial_shops,
          nicolae_shop_behind_doors, shop, shop

Skill      XL: |  1  2  3  4  5  6  7  8  9 10 11 12 13 14 15 16 17 18 |
---------------+-------------------------------------------------------+-----
Dodging        | 1 2 3 4 5 7 8 9 10 11 12 13 | 13.3
Armour         | 4 5 6 7 8 9 10 11 12 13 14 15 | 15.1
Axes           | 3 4 5 6 7 8 9 10 11 12 13 14 15 16 17 | 17.3
Fighting       | 4 5 6 7 8 10 11 12 13 14 15 16 17 | 17.5
Shields        | 4 5 6 7 8 9 10 11 12 | 12.3
Slings         | 1 2 5 6 8 9 10 11 12 13 14 | 14.2
Invocations    | 2 4 5 6 7 8 9 10 | 10.5
Evocations     | 2 3 5 6 7 8 9 |  9.7
Stealth        | 1 |  1.5

Action                   |  1- 3 |  4- 6 |  7- 9 | 10-12 | 13-15 | 16-18 || total
-------------------------+-------+-------+-------+-------+-------+-------++-------
Melee: War axe           |    98 |   138 |   325 |   521 |   107 |    11 ||  1200
       Headbutt          |    11 |    17 |    58 |   120 |   217 |   247 ||   670
       Broad axe         |       |       |       |       |   612 |   975 ||  1587
 Fire: Hunting sling     |       |    14 |   114 |   178 |   397 |   374 ||  1077
Invok: Heroism           |       |       |     2 |    11 |    25 |    36 ||    74
       Finesse           |       |       |       |       |     2 |     2 ||     4
 Abil: Stop Flying       |       |       |       |       |       |     1 ||     1
       Evoke Flight      |       |       |       |       |       |     1 ||     1
Evoke: Wand              |       |       |       |     1 |       |     6 ||     7
  Use: Potion            |       |     1 |     2 |     2 |     8 |     6 ||    19
       Scroll            |       |       |    15 |     4 |    12 |    12 ||    43
 Stab: Distracted        |       |       |       |       |       |     1 ||     1
       Sleeping          |       |       |       |       |       |     1 ||     1
  Eat: Chunk             |     1 |     8 |    14 |    19 |    18 |    10 ||    70
       Ration            |       |       |     1 |       |     4 |     7 ||    12
Armor: Scale mail        |    26 |       |       |       |       |       ||    26
       Chain mail        |    30 |    80 |    36 |       |       |       ||   146
       Plate armour      |       |       |   154 |   313 |    88 |       ||   555
       Fire dragon scale |       |       |       |       |   127 |   227 ||   354
       Skin              |       |       |       |       |    15 |       ||    15
Dodge: Dodged            |    27 |    48 |    74 |   143 |   329 |   562 ||  1183
Block: Kite shield       |    53 |    74 |   197 |   306 |   475 |   744 ||  1849

Table legend:
 A = Non-vault XP
 B = Vault XP
 C = Vault XP percentage of total XP
 D = Non-vault monster count
 E = Vault monster count
 F = Vault count percentage of total count
                 A         B        C        D         E       F
            +---------+---------+-------+---------+---------+-------
      Total |  220226 |  154069 |  41.2 |     816 |     327 |  28.6
            +---------+---------+-------+---------+---------+-------
        D:1 |      49 |       9 |  15.5 |      27 |       5 |  15.6
        D:2 |     114 |       0 |   0.0 |      17 |       0 |   0.0
        D:3 |     232 |       3 |   1.3 |      30 |       2 |   6.2
        D:4 |     267 |       0 |   0.0 |      15 |       0 |   0.0
        D:5 |     271 |     657 |  70.8 |      12 |       5 |  29.4
        D:6 |     698 |      87 |  11.1 |      21 |       1 |   4.5
        D:7 |     964 |     121 |  11.2 |      16 |       1 |   5.9
        D:8 |    1173 |     490 |  29.5 |      26 |       5 |  16.1
        D:9 |    2450 |     404 |  14.2 |      37 |       1 |   2.6
       D:10 |    3228 |     655 |  16.9 |      27 |       4 |  12.9
       D:11 |    1790 |    3691 |  67.3 |      10 |      10 |  50.0
       D:12 |    9346 |    2893 |  23.6 |      36 |       6 |  14.3
       D:13 |    5396 |    5841 |  52.0 |      32 |      12 |  27.3
       D:14 |   13818 |       0 |   0.0 |      53 |       0 |   0.0
       D:15 |    9054 |    4100 |  31.2 |      35 |       3 |   7.9
     Temple |       3 |       0 |   0.0 |       1 |       0 |   0.0
     Lair:1 |    1917 |    2337 |  54.9 |       9 |      10 |  52.6
     Lair:2 |    4363 |       0 |   0.0 |      20 |       0 |   0.0
     Lair:3 |    7520 |    3555 |  32.1 |      25 |      11 |  30.6
     Lair:4 |    7589 |     165 |   2.1 |      28 |       1 |   3.4
     Lair:5 |    7447 |    1695 |  18.5 |      24 |       3 |  11.1
     Lair:6 |   13006 |   20292 |  60.9 |      41 |      92 |  69.2
    Snake:1 |   10400 |     670 |   6.1 |      26 |       1 |   3.7
    Snake:2 |   15980 |       0 |   0.0 |      23 |       0 |   0.0
    Snake:3 |   25153 |    5692 |  18.5 |      45 |      11 |  19.6
    Snake:4 |   33783 |   27494 |  44.9 |      63 |      42 |  40.0
    Slime:1 |    3655 |       0 |   0.0 |      11 |       0 |   0.0
    Slime:2 |    5058 |       0 |   0.0 |      11 |       0 |   0.0
      Orc:1 |    1180 |     796 |  40.3 |      12 |       1 |   7.7
      Orc:2 |    2908 |   23369 |  88.9 |      29 |      45 |  60.8
      Elf:1 |   19128 |    7190 |  27.3 |      30 |      13 |  30.2
      Elf:2 |   11661 |   26537 |  69.5 |      23 |      32 |  58.2
      Elf:3 |     625 |   15326 |  96.1 |       1 |      10 |  90.9
            +---------+---------+-------+---------+---------+-------
